 Dungeon Crawl Stone Soup version 0.23-b1 (webtiles) character file.

Game seed: 6094109950918975835

30876 Peloso the Blocker (level 13, -1/116 HPs)
             Began as a Minotaur Fighter on Jan 31, 2019.
             Was a High Priest of Okawaru.
             Killed from afar by an ogre mage (30 damage)
             ... with a crystal spear
             ... on level 2 of the Orcish Mines.
             The game lasted 00:43:15 (19076 turns).

Peloso the Blocker (Minotaur Fighter)              Turns: 19076, Time: 00:43:15

Health: -1/116     AC: 17    Str: 25    XL:     13   Next: 22%
Magic:  0/13       EV: 12    Int:  5    God:    Okawaru [*****.]
Gold:   1520       SH: 17    Dex: 11    Spells: 12/12 levels left

rFire    . . .     SeeInvis .   a - +1 long sword
rCold    . . .     Gourm    .   c - +1 shield
rNeg     . . .     Faith    .   E - +0 plate armour
rPois    +         Spirit   +   (helmet restricted)
rElec    .         Reflect  .   (no cloak)
rCorr    .         Harm     .   (no gloves)
MR       .....                  (no boots)
Stlth    ..........             y - amulet of guardian spirit
HPRegen  0.29/turn              D - ring of poison resistance
MPRegen  0.13/turn              u - +2 ring of slaying

@: heroism
A: retaliatory headbutt, horns 2
a: Heroism, Finesse, Renounce Religion


You were on level 2 of the Orcish Mines.
You worshipped Okawaru.
Okawaru was extremely pleased with you.
You were not hungry.

You visited 4 branches of the dungeon, and saw 16 of its levels.
You also visited: Sewer and Ice Cave.

You collected 1520 gold pieces.

Inventory:

Hand Weapons
 a - a +1 long sword (weapon)
 C - a +3 demon whip of draining
Armour
 b - a +0 scale mail
 c - a +1 shield (worn)
 E - a +0 plate armour (worn)
Jewellery
 l - an uncursed ring of protection from fire
 u - a +2 ring of slaying (right hand)
 y - an amulet of guardian spirit (around neck)
 D - a ring of poison resistance (left hand)
Wands
 r - a wand of paralysis (8)
 A - a wand of polymorph (9)
 G - a wand of iceblast (6)
 J - a wand of disintegration (10)
 L - a wand of enslavement (7)
 M - a wand of flame (22)
Scrolls
 g - 8 scrolls of remove curse
 i - 6 scrolls of fog
 j - 7 scrolls of identify
 k - 7 scrolls of teleportation
 n - 3 scrolls of enchant armour
 q - 2 scrolls of enchant weapon
 w - 3 scrolls of fear
 x - 2 scrolls of blinking
 z - 4 scrolls of amnesia
 H - a scroll of magic mapping {unknown}
Potions
 d - 3 potions of might
 e - 2 potions of mutation
 h - 5 potions of haste
 m - 2 potions of ambrosia
 o - 2 potions of berserk rage
 p - 8 potions of curing
 s - a potion of heal wounds
 t - a potion of flight
 v - 4 potions of agility
 B - a potion of brilliance
 F - a potion of resistance
 K - 2 potions of magic {unknown}
Miscellaneous
 I - a lightning rod (4/4)
Comestibles
 f - 26 rations
 N - 6 chunks of flesh


   Skills:
 + Level 11.3(16.3) Fighting
 + Level 14.3(19.3) Long Blades
 + Level 11.6(16.6) Armour
 + Level 5.5(10.5) Dodging
 + Level 2.4(7.4) Stealth
 + Level 14.7(19.7) Shields
 + Level 2.4 Invocations


You had 12 spell levels left.
You didn't know any spells.
Your spell library contained the following spells:

 Spells                   Type           Power        Failure   Level  Hunger
 Confusing Touch          Hex            #.....       98%         1    ##.....
 Confuse                  Hex            #.......     100%        3    ####...
 Gell's Gravitas          Tloc           #.........   100%        3    ####...
 Petrify                  Tmut/Erth      #.......     100%        4    #####..
 Metabolic Englaciation   Hex/Ice        #.........   100%        5    ######.
 Yara's Violent Unravell  Hex/Tmut       #.........   100%        5    ######.


Dungeon Overview and Level Annotations

Branches:
Dungeon (12/15)            Temple (1/1) D:7            Lair (1/6) D:10
    Orc (2/2) D:10            Elf (0/3) Orc:2

Altars:
Cheibriados
Fedhas
Hepliaklqana
Makhleb
Okawaru
Qazlal

Annotations:
D:12 3 runed translucent doors, Nyg Tys's ghost, journeyman MiBe


Innate Abilities, Weirdness & Mutations

You reflexively headbutt those who attack you in melee.
You have a pair of horns on your head.


Message History

You hit the ogre mage. Your headbutt misses the ogre mage.
The ogre mage is moderately wounded.
You hit the ogre mage.
The ogre mage is moderately wounded.
The ogre mage barely misses you.
You riposte.
You slash the ogre mage! You headbutt the ogre mage.
The ogre mage is severely wounded.
You hit the ogre mage.
The ogre mage is severely wounded.
The ogre mage casts a spell at you. The bolt of cold hits you!!
* * * LOW HITPOINT WARNING * * *
You barely miss the ogre mage.
The ogre mage is severely wounded.
You slash the ogre mage!
You headbutt the ogre mage, but do no damage.
The ogre mage is almost dead.
The ogre mage gestures at you while chanting.
The crystal spear hits you!!!
You die...

......##............# .
...............>....#### .
...............#.....#.## #
..............#........## #
#.........####.........##
#####........)#####.........#
.##............##..........##
..###...........#.........##
..##............@O.......##
..#......#.)...........###
.........##...........##
........###<##........#
......### ###.......###
.#...## ##....### ##...#
###.## ##.## ##.# ### ###


You could see an ogre mage.

Vanquished Creatures
  A reaper (IceCv)
  A centaur warrior (D:11)
  A death knight (D:12)
  4 two-headed ogres (Orc:2)
  Urug (D:12)
  2 unseen horrors
  A deep elf mage (D:12)
  3 ugly things (D:11)
  A manticore (D:12)
  2 cyclopes
  Joseph (D:7)
  An ice statue (IceCv)
  2 freezing wraiths (D:12)
  3 komodo dragons (Lair:1)
  12 ice devils (IceCv)
  6 trolls
  A queen bee (D:8)
  2 hornets (D:12)
  The ghost of tensugalgo the Cutter, an amateur HaSk (D:4)
  2 hippogriffs
  23 yaks
  A basilisk (Lair:1)
  3 wraiths
  A steam dragon (D:10)
  4 porcupines
  A soldier ant (D:12)
  5 ice beasts
  11 orc warriors
  A sky beast (D:11)
  4 black bears
  17 ogres
  3 phantoms
  2 necrophages (D:6)
  9 centaurs
  A crocodile (Lair:1)
  6 big kobolds
  9 bullfrogs
  2 wyvern zombies (D:11)
  A scorpion (D:8)
  28 killer bees
  3 wights (D:10)
  4 howler monkeys
  5 crimson imps
  3 centaur zombies
  6 hounds
  A quasit (D:10)
  2 jellies
  12 orc wizards
  2 bullfrog skeletons
  A centaur skeleton (D:6)
  9 orc priests
  11 worker ants
  4 iguanas
  A hound skeleton (D:6)
  14 gnolls
  19 river rats
  28 adders
  3 shadow imps
  10 white imps (IceCv)
  5 ufetubi (IceCv)
  3 oozes
  6 worms
  4 dart slugs
  8 leopard geckos
  44 orcs
  6 giant cockroaches
  6 hobgoblins
  17 jackals
  13 quokkas
  5 ball pythons
  2 bats
  6 frilled lizards
  7 goblins
  45 kobolds
  46 rats
541 creatures vanquished.

Vanquished Creatures (others)
  A white imp (IceCv)
  3 ufetubi (IceCv)
4 creatures vanquished.

Grand Total: 545 creatures vanquished

Notes
Turn   | Place    | Note
-------+----------+-------------------------------------------
     0 | D:1      | Peloso the Minotaur Fighter began the quest for the Orb.
     0 | D:1      | Reached XP level 1. HP: 19/19 MP: 0/0
   112 | D:1      | Reached XP level 2. HP: 8/27 MP: 1/1
   581 | D:1      | Reached XP level 3. HP: 33/33 MP: 2/2
  1437 | D:2      | Reached XP level 4. HP: 27/40 MP: 3/3
  1441 | D:2      | Reached skill level 1 in Dodging
  1838 | D:2      | Reached skill level 1 in Stealth
  1838 | D:2      | Reached XP level 5. HP: 31/46 MP: 4/4
  2217 | D:3      | Reached skill level 5 in Armour
  2415 | D:3      | Reached XP level 6. HP: 40/52 MP: 5/5
  2483 | D:3      | Found a snail-covered altar of Cheibriados.
  2758 | D:4      | Reached skill level 5 in Long Blades
  2843 | D:4      | Reached skill level 5 in Shields
  3034 | D:4      | Found a large runed translucent door.
  3034 | D:4      | Found a large runed translucent door.
  3034 | D:4      | Noticed tensugalgo's ghost (amateur HaSk)
  3066 | D:4      | Killed tensugalgo's ghost
  3066 | D:4      | Reached XP level 7. HP: 44/60 MP: 6/6
  3355 | D:4      | Found a glowing drain.
  3363 | Sewer    | Entered a sewer
  4302 | D:5      | Entered Level 5 of the Dungeon
  4308 | D:5      | Reached skill level 5 in Fighting
  4373 | D:5      | Reached XP level 8. HP: 51/68 MP: 7/7
  4543 | D:5      | Found a blossoming altar of Fedhas.
  5974 | D:6      | Reached XP level 9. HP: 74/74 MP: 8/8
  6350 | D:7      | Found a staircase to the Ecumenical Temple.
  6393 | D:7      | Noticed Joseph
  6411 | D:7      | Killed Joseph
  6497 | Temple   | Entered the Ecumenical Temple
  6504 | Temple   | Became a worshipper of Warmaster Okawaru
  7562 | D:8      | Reached * piety under Okawaru
  7669 | D:8      | Reached skill level 10 in Long Blades
  7742 | D:8      | Reached skill level 5 in Dodging
  7764 | D:8      | Noticed a troll
  7773 | D:8      | Killed a troll
  7930 | D:8      | Noticed a queen bee
  7941 | D:8      | Reached XP level 10. HP: 45/83 MP: 3/9
  7986 | D:8      | Reached ** piety under Okawaru
  8225 | D:8      | Reached skill level 10 in Shields
  8663 | D:8      | Found a burning altar of Makhleb.
  8975 | D:9      | Killed an unseen horror
  9185 | D:9      | Found a hazy altar of Hepliaklqana.
  9216 | D:9      | Reached *** piety under Okawaru
  9437 | D:9      | Reached **** piety under Okawaru
  9441 | D:9      | Reached XP level 11. HP: 77/93 MP: 8/10
  9769 | D:10     | Entered Level 10 of the Dungeon
  9824 | D:10     | Found a staircase to the Orcish Mines.
 10321 | D:10     | Found a staircase to the Lair.
 10425 | D:10     | Reached ***** piety under Okawaru
 11194 | D:11     | Found a frozen archway.
 11233 | IceCv    | Entered an ice cave
 12442 | IceCv    | Received a gift from Okawaru
 13242 | IceCv    | Noticed a reaper
 13261 | IceCv    | Killed a reaper
 13261 | IceCv    | Reached skill level 10 in Armour
 13614 | IceCv    | Reached skill level 1 in Invocations
 13650 | IceCv    | Reached XP level 12. HP: 43/105 MP: 4/11
 15254 | D:12     | Found a runed translucent gate.
 15254 | D:12     | Found a runed translucent gate.
 15254 | D:12     | Found a runed translucent gate.
 15254 | D:12     | Noticed a two-headed ogre
 15281 | D:12     | Noticed a minotaur
 15281 | D:12     | Noticed Nyg Tys's ghost (journeyman MiBe)
 15289 | D:12     | Paralysed by a hornet for 1 turns
 15312 | D:12     | Received a gift from Okawaru
 15312 | D:12     | Reached skill level 10 in Fighting
 15448 | D:12     | Noticed a death knight
 15448 | D:12     | Noticed Urug
 15571 | D:12     | Noticed a centaur warrior
 15611 | D:11     | Killed a centaur warrior
 16015 | D:12     | Killed a death knight
 16698 | D:12     | Killed Urug
 16836 | Lair:1   | Entered Level 1 of the Lair of Beasts
 17123 | Lair:1   | Noticed a seven-headed hydra
 17219 | Orc:1    | Entered Level 1 of the Orcish Mines
 17254 | Orc:1    | Received a gift from Okawaru
 17261 | Orc:1    | Got a faintly glowing cloak {god gift}
 17284 | D:10     | Identified the -4 cloak of Marbles {MR+ Str-5 Int+10}
                  | (Okawaru gifted it to you on level 1 of the Orcish Mines)
 17538 | Orc:1    | Reached XP level 13. HP: 74/115 MP: 8/13
 17766 | Orc:1    | Noticed an orc warlord
 18338 | Orc:2    | Entered Level 2 of the Orcish Mines
 18763 | Orc:2    | Found a staircase to the Elven Halls.
 18886 | Orc:2    | HP: 4/116 [two-headed ogre/+0 giant club (21)]
 19076 | Orc:2    | Killed from afar by an ogre mage

Skill      XL: |  1  2  3  4  5  6  7  8  9 10 11 12 13 |
---------------+----------------------------------------+-----
Shields        | 4 5 6 7 9 11 12 14 | 14.7
Fighting       | 4 5 6 8 9 10 11 | 11.3
Armour         | 4 5 6 7 9 10 11 | 11.6
Long Blades    | 3 4 5 6 8 10 11 13 14 | 14.3
Dodging        | 1 2 3 5 |  5.5
Stealth        | 1 2 |  2.4
Invocations    | 1 2 |  2.4

Action                   |  1- 3 |  4- 6 |  7- 9 | 10-12 | 13-15 || total
-------------------------+-------+-------+-------+-------+-------++-------
Melee: Long sword        |   104 |   172 |   440 |  1036 |   116 ||  1868
       Headbutt          |    18 |    27 |    91 |   246 |    33 ||   415
Invok: Heroism           |       |       |     1 |    15 |     2 ||    18
       Finesse           |       |       |       |     3 |       ||     3
  Use: Scroll            |       |     7 |    10 |     4 |     5 ||    26
       Potion            |       |       |     3 |     4 |     1 ||     8
  Eat: Chunk             |     1 |     5 |    14 |    22 |     4 ||    46
       Ration            |       |       |     1 |     3 |       ||     4
Armor: Scale mail        |    65 |    74 |   136 |       |       ||   275
       Plate armour      |       |       |    21 |   273 |    22 ||   316
Dodge: Dodged            |    41 |    62 |   204 |   208 |    27 ||   542
Block: Shield            |    70 |   108 |   350 |   645 |    82 ||  1255
       Rpst.: Long sword |    13 |    18 |    53 |    46 |     1 ||   131
